 Dungeon Crawl Stone Soup version 0.30-a0-557-ge2afbf3030 (webtiles) character file.

Game seed: 10593803364332264139

100467 PyroL the Gelid (level 15, -10/126 HPs)
             Began as a Grey Draconian Ice Elementalist on Dec 28, 2022.
             Was a High Priest of Vehumet.
             Killed from afar by a shock serpent (19 damage)
             ... with a bolt of electricity
             ... on level 2 of the Snake Pit.
             The game lasted 01:31:08 (30369 turns).

PyroL the Gelid (Grey Draconian Ice Elementalist)  Turns: 30369, Time: 01:31:08

Health: -10/126    AC: 31    Str: 11    XL:     15   Next: 80%
Magic:  3/29       EV: 14    Int: 21    God:    Vehumet [*****.]
Gold:   3869       SH:  0    Dex: 15    Spells: 1/34 levels left

rFire   + + .      SeeInvis .    O - +6 quarterstaff of Xuhoteme {drain, rF+ Will+ Dex+4}
rCold   + . .      Faith    .    (shield currently unavailable)
rNeg    + + +      Spirit   .    (body armour unavailable)
rPois   +          Reflect  .    (helmet restricted)
rElec   .          Harm     .    E - +0 cloak
rCorr   .          Rampage  .    W - +2 pair of gloves
Will    ++...                    I - +2 pair of boots
Stlth   +++                      i - amulet of magic regeneration
HPRegen 0.41/turn                Q - ring of Xiky {Fly rF+}
MPRegen 0.61/turn                n - ring of the Mantidfly {rPois rC+ rN+++ Dex-2 Stlth+}

@: ice-armoured, freezing walls, flying, constricted
A: AC +14, amphibious, unfitting armour, cold-blooded, MP-powered wands
a: Renounce Religion


You were on level 2 of the Snake Pit.
You worshipped Vehumet.
Vehumet was extremely pleased with you.
You visited 5 branches of the dungeon, and saw 25 of its levels.
You also visited: Sewer, Ossuary and Bailey.

You collected 4041 gold pieces.
You spent 172 gold pieces at shops.

Inventory:

Hand Weapons
 d - the +10 great sword of the Lame Duck {flame, Fly rC- rN+ rCorr}
   (You found it on level 15 of the Dungeon)

   It burns those it strikes, dealing additional fire damage.
   Big, fiery blades are also staple armaments of hydra-hunters.
   rC:        It makes you vulnerable to cold.
   rN:        It protects you from negative energy.
   Fly:       It grants you flight.
   rCorr:     It protects you from acid and corrosion.
 O - the +6 quarterstaff of Xuhoteme (weapon) {drain, rF+ Will+ Dex+4}
   (You found it in a bailey)

   A truly terrible weapon, it drains the life of any living foe it strikes.
   Dex:       It affects your dexterity (+4).
   rF:        It protects you from fire.
   Will:      It increases your willpower.
Missiles
 b - 7 datura-tipped darts
 m - 3 throwing nets
 q - 46 poisoned darts
 K - 12 atropa-tipped darts
 Z - 4 silver boomerangs
Armour
 E - a +0 cloak (worn)
 I - a +2 pair of boots (worn)
 W - a +2 pair of gloves (worn)
Jewellery
 f - a +4 ring of protection
 i - an amulet of magic regeneration (around neck)
 n - the ring of the Mantidfly (right hand) {rPois rC+ rN+++ Dex-2 Stlth+}
   (You acquired it on level 5 of the Lair of Beasts)

   [ring of protection from cold]

   Dex:       It affects your dexterity (-2).
   rC:        It protects you from cold.
   rPois:     It protects you from poison.
   rN:        It renders you almost immune to negative energy.
   Stlth:     It makes you more stealthy.
 C - a +6 ring of dexterity
 P - a ring of willpower
 Q - the ring of Xiky (left hand) {Fly rF+}
   (You found it on level 13 of the Dungeon)

   [ring of protection from fire]

   rF:        It protects you from fire.
   Fly:       It grants you flight.
 T - a ring of resist corrosion
 U - an amulet of reflection
Wands
 e - a wand of charming (5)
 g - a wand of quicksilver (24)
 s - a wand of mindburst (8)
 t - a wand of polymorph (5)
 G - a wand of iceblast (34)
 R - a wand of flame (17)
Scrolls
 c - 7 scrolls of teleportation
 l - 3 scrolls of magic mapping
 o - 6 scrolls of vulnerability
 r - 3 scrolls of enchant weapon
 v - 2 scrolls of enchant armour
 w - 4 scrolls of amnesia
 y - 3 scrolls of identify
 A - 2 scrolls of fear
 D - 3 scrolls of fog
 J - 2 scrolls of immolation
 L - 2 scrolls of blinking
 V - 3 scrolls of silence
 Y - a scroll of torment
Potions
 a - 3 potions of magic
 h - 3 potions of haste
 j - 4 potions of cancellation
 k - 2 potions of ambrosia
 u - 5 potions of lignification
 x - 2 potions of berserk rage
 z - 10 potions of heal wounds
 B - 4 potions of mutation
 F - 2 potions of flight
 H - 2 potions of invisibility
 N - 2 potions of brilliance
 S - 9 potions of curing
Miscellaneous
 p - a phial of floods
 M - a lightning rod (4/4)
 X - a tin of tremorstones (2/2)


   Skills:
 - Level 10.0 Fighting
 - Level 10.0 Dodging
 - Level 1.7 Stealth
 - Level 10.2 Spellcasting
 - Level 10.0 Conjurations
 - Level 5.0 Hexes
 - Level 6.0 Transmutations
 + Level 16.0 Ice Magic
 - Level 10.4 Earth Magic
 - Level 7.4 Evocations


You had one spell level left.
You knew the following spells:

 Your Spells              Type           Power      Damage    Failure   Level
a - Freeze                Ice            100%       1d10      0%          1
b - Ozocubu's Armour      Ice            67%        N/A       1%          3
c - Frozen Ramparts       Ice            100%       1d16      1%          3
d - Iron Shot             Conj/Erth      26%        9d6       4%          6
e - Hailstorm             Conj/Ice       60%        3d13      1%          3
f - Yara's Violent Unrav  Hex/Tmut       16%        3d8       5%          5
g - Freezing Cloud        Conj/Ice/Air   23%        6-21      1%          5
h - Ozocubu's Refrigerat  Ice            33%        4d14      2%          7

Your spell library contained the following spells:

 Spells                   Type           Power      Damage    Failure   Level
 Sandblast                Erth           100%       2d20      1%          1
 Slow                     Hex            100%       N/A       1%          1
 Necrotise                Necr           40%        1d6       6%          1
 Passwall                 Tmut/Erth      37%        N/A       1%          2
 Stone Arrow              Conj/Erth      100%       3d13      1%          3
 Confusing Touch          Hex            31%        N/A       2%          3
 Tukima's Dance           Hex            31%        N/A       2%          3
 Summon Ice Beast         Ice/Summ       44%        N/A       2%          4
 Blink                    Tloc           20%        N/A       10%         2
 Gell's Gravitas          Tloc           10%        N/A       19%         3
 Lesser Beckoning         Tloc           20%        N/A       19%         3
 Teleport Other           Tloc           10%        N/A       19%         3
 Vampiric Draining        Necr           10%        2d6       19%         3
 Anguish                  Hex/Necr       10%        N/A       22%         4
 Manifold Assault         Tloc           10%        N/A       54%         4
 Passage of Golubria      Tloc           10%        N/A       54%         4
 Summon Lightning Spire   Summ/Air       10%        N/A       54%         4
 Summon Mana Viper        Hex/Summ       21%        N/A       54%         5
 Agony                    Necr           10%        N/A       87%         5
 Enfeeble                 Hex            15%        N/A       100%        7
 Monstrous Menagerie      Summ           5%         N/A       100%        7
 Storm Form               Tmut/Air       11%        N/A       100%        7
 Maxwell's Capacitive Co  Air            5%         ∞         100%        8


Dungeon Overview and Level Annotations

Branches:
Dungeon (15/15)            Temple (1/1) D:5            Lair (5/5) D:10
  Swamp (0/4) Lair:3        Snake (2/4) Lair:3        Slime (0/5) Lair:5
    Orc (2/2) D:10            Elf (0/3) Orc:2        Vaults (0/5) D:14
 Depths (0/4) D:15          Sewer (visited)         Ossuary (visited)
 Bailey (visited)

Altars:
Ashenzari
Dithmenos
Elyvilon
Fedhas
Gozag
Hepliaklqana
Makhleb
Nemelex Xobeh
Okawaru
Qazlal
Ru
Sif Muna
Trog
Uskayaw
Vehumet
Wu Jian
Xom
Yredelemnul
Zin
The Shining One
Jiyva
Lugonu

Shops:
D:6 *   D:11 *   Orc:2 :=*(

Portals:
Abyss: Lair:5

Annotations:
Lair:2 3 runed translucent doors, BitJockey's ghost, journeyman HOFi


Innate Abilities, Weirdness & Mutations

Your dull iron-grey scales are very hard. (AC +14)
You are amphibious.
You cannot fit into any form of body armour.
You are cold-blooded and may be slowed by cold attacks.
You expend magic power (3 MP) to strengthen your wands.


Message History

You closely miss the shock serpent.
The shock serpent is moderately wounded.
The wall freezes the anaconda!
The anaconda bites you but does no damage.
The anaconda constricts you.
The wall freezes the shock serpent.
The wall freezes the mana viper!
The mana viper seems to slow down.
The wall freezes the shock serpent but does no damage.
The shock serpent misses you.
The wall freezes the anaconda.
The anaconda seems to slow down.
The anaconda misses you. The anaconda constricts you.
The wall freezes the mana viper!
The mana viper seems to slow down.
Unknown command.
You thump the shock serpent!
The shock serpent is heavily wounded.
The shock serpent's electric aura discharges, shocking you!
The wall freezes the mana viper.
The mana viper seems to slow down.
The wall freezes the anaconda.
The anaconda seems to slow down.
The anaconda bites you. The anaconda constricts you.
The wall freezes the shock serpent.
The shock serpent seems to slow down.
The shock serpent completely misses you.
The wall freezes the mana viper.
The mana viper seems to slow down.
Unknown command.
You barely miss the shock serpent.
The shock serpent is heavily wounded.
The wall freezes the anaconda but does no damage.
The anaconda bites you.
* * * LOW HITPOINT WARNING * * *
The anaconda constricts you.
The wall freezes the shock serpent!
The shock serpent seems to slow down.
The shock serpent bites you!
* * * LOW HITPOINT WARNING * * *
The shock serpent shocks you!
* * * LOW HITPOINT WARNING * * *
The shock serpent's electric aura discharges, shocking you!
The wall freezes the shock serpent.
The shock serpent seems to slow down.
The shock serpent shoots out a bolt of lightning at you!
The bolt of electricity hits the shock serpent.
The shock serpent completely resists.
The bolt of electricity hits you!!
* * * LOW HITPOINT WARNING * * *
The bolt of electricity hits you!!
You die...

##..#.
#..........##
..... ..###
##........##
.## ..#
..#......## #
#.#......#
...####.# ###
#.# #.# #.#
#@# #SSS.....
.SS.....#
#.....####
........
.#........
.##.....### .
##..###


You could see an anaconda (slow), 2 shock serpents and 2 mana vipers.

Vanquished Creatures
  Rupert (Lair:5)
  Aizul (Snake:1)
  3 orc warlords
  A stone giant (D:15)
  An entropy weaver (shapeshifter) (Lair:5)
  A hydra (D:13)
  An ogre mage (D:15)
  Erica (Lair:2)
  4 boulder beetles
  5 centaur warriors
  A naga warrior (Snake:1)
  4 anacondas (Snake:1)
  4 tengu warriors
  7 two-headed ogres
  2 thrashing horrors (Lair:5)
  4 orc high priests (Orc:2)
  2 shock serpents
  5 naga sharpshooters
  A deep elf knight (D:13)
  Amaemon (Lair:3)
  A deep troll (Lair:1)
  2 orc knights
  A necromancer (D:14)
  8 ugly things
  2 deep elf pyromancers
  2 mana vipers
  6 cyclopes
  3 orc sorcerers
  A manticore (D:14)
  2 salamanders (Snake:1)
  11 elephants
  A smoke demon (Lair:5)
  2 gargoyles
  10 black mambas
  7 cane toads
  An orange demon (Lair:3)
  An unseen horror (D:11)
  A torpor snail (Lair:4)
  2 rime drakes
  Maggie (D:6)
  14 komodo dragons
  An efreet (D:13)
  2 tengu conjurers
  2 ancient zymes (Lair:5)
  5 trolls
  2 hornets (D:7)
  2 polar bears
  16 blink frogs
  10 slime creatures (D:12)
  A centaur simulacrum (D:15)
  Sigmund (D:2)
  A spriggan (Lair:5)
  2 ynoxinuls (Lair:5)
  A shadow (D:13)
  11 small abominations (Lair:5)
  Eustachio (D:6)
  A vampire (D:8)
  A yak (shapeshifter) (D:13)
  50 yaks
  6 basilisks
  2 chaos spawn (Lair:5)
  7 wyverns
  6 vampire mosquitoes
  Edmund (D:5)
  10 wargs
  3 large abominations (Lair:5)
  An acid dragon (D:10)
  13 nagas
  19 water moccasins
  2 ice beasts (D:5)
  A sky beast (D:6)
  4 black bears
  Duvessa (D:5)
  31 orc warriors
  8 ogres
  3 wolves (D:10)
  6 centaurs
  3 kobold brigands
  A necrophage (D:7)
  4 scorpions
  12 bullfrogs
  2 water moccasin zombies (Ossuary)
  9 wights
  Dowan (D:5)
  9 killer bees
  6 howler monkeys
  3 electric eels
  5 hounds
  37 orc priests
  Crazy Yiuf (D:5)
  A gnoll bouda (D:5)
  Ijyb (D:4)
  3 iguanas
  20 orc wizards
  4 hell rats (Lair:1)
  2 mummies (Ossuary)
  14 gnolls
  11 adders
  A shadow imp (D:5)
  5 adder zombies (Ossuary)
  A worm (D:2)
  5 dart slugs
  102 orcs
  10 endoplasms
  15 giant cockroaches
  2 gnoll zombies (Ossuary)
  17 goblins
  18 hobgoblins
  4 jackals (D:1)
  12 quokkas
  8 ball pythons
  6 bats
  15 frilled lizards
  8 hobgoblin zombies (Ossuary)
  26 kobolds
  5 kobold zombies (Ossuary)
  3 orc zombies (Ossuary)
  4 rats
779 creatures vanquished.

Vanquished Creatures (others)
  A bullfrog (D:7)
  22 fungi
  71 plants
94 creatures vanquished.

Grand Total: 873 creatures vanquished

Notes
Turn   | Place    | Note
-------+----------+-------------------------------------------
     0 | D:1      | PyroL the Draconian Ice Elementalist began the quest for
                  | the Orb.
     0 | D:1      | Reached XP level 1. HP: 14/14 MP: 3/3
   103 | D:1      | Reached XP level 2. HP: 20/20 MP: 3/5
   399 | D:1      | Reached XP level 3. HP: 23/26 MP: 1/7
   489 | D:1      | Learned a level 3 spell: Ozocubu's Armour
   493 | D:1      | Learned a level 3 spell: Frozen Ramparts
   968 | D:2      | Noticed Sigmund
   994 | D:2      | Gained mutation: You have sharp toenails. [potion of
                  | mutation]
   994 | D:2      | Gained mutation: You expend magic power (3 MP) to
                  | strengthen your wands. [potion of mutation]
   994 | D:2      | Lost mutation: You have sharp toenails. [potion of
                  | mutation]
   996 | D:2      | Killed Sigmund
   997 | D:2      | Reached skill level 5 in Ice Magic
   997 | D:2      | Reached XP level 4. HP: 6/33 MP: 5/10
   997 | D:2      | Reached XP level 5. HP: 7/38 MP: 5/11
  1536 | D:2      | Reached XP level 6. HP: 32/45 MP: 6/12
  1540 | D:2      | Reached skill level 6 in Ice Magic
  1721 | D:3      | Found a hide-covered altar of Uskayaw.
  2399 | D:4      | Your scales start taking on a dull iron-grey colour.
  2399 | D:4      | Reached XP level 7. HP: 51/59 MP: 7/13
  2456 | D:4      | Noticed Ijyb
  2459 | D:4      | Killed Ijyb
  2546 | D:4      | Reached skill level 5 in Fighting
  2830 | D:5      | Entered Level 5 of the Dungeon
  2911 | D:5      | Reached skill level 5 in Spellcasting
  2924 | D:5      | Noticed Duvessa
  2926 | D:5      | Noticed Dowan
  2936 | D:5      | Killed Duvessa
  2945 | D:5      | Reached XP level 8. HP: 36/68 MP: 0/15
  2966 | D:5      | Killed Dowan
  2967 | D:5      | Reached skill level 5 in Dodging
  2970 | D:5      | Found a sand-covered staircase.
  2975 | Ossuary  | Entered an ossuary
  3477 | D:5      | Found a glowing drain.
  3507 | Sewer    | Entered a sewer
  3643 | Sewer    | Reached skill level 7 in Ice Magic
  3683 | Sewer    | Identified the +4 long sword of the Well-Known Yaks
                  | {freeze, *Rage +Blink MP+9}
  3958 | D:5      | Found a runed translucent door.
  3959 | D:5      | Noticed Crazy Yiuf
  3966 | D:5      | Killed Crazy Yiuf
  4019 | D:5      | Reached skill level 8 in Ice Magic
  4182 | D:5      | Found a staircase to the Ecumenical Temple.
  4205 | Temple   | Entered the Ecumenical Temple
  4292 | Temple   | Became a worshipper of Vehumet
  4448 | D:5      | Found a white marble altar of Elyvilon.
  4448 | D:5      | Found a stormy altar of Qazlal.
  4448 | D:5      | Found a broken altar of Ashenzari.
  4453 | D:5      | Noticed Edmund
  4464 | D:5      | Killed Edmund
  4988 | D:5      | Reached skill level 9 in Ice Magic
  4988 | D:5      | Reached XP level 9. HP: 65/74 MP: 16/16
  5202 | D:6      | Noticed Eustachio
  5213 | D:6      | Killed Eustachio
  5330 | D:6      | Found Lent's Assorted Antiques.
  5449 | D:6      | Reached skill level 10 in Ice Magic
  5526 | D:6      | Reached skill level 1 in Earth Magic
  5527 | D:6      | Noticed Maggie
  5539 | D:6      | Killed Maggie
  5693 | D:6      | Reached * piety under Vehumet
  5693 | D:6      | Offered knowledge of Sandblast by Vehumet.
  5807 | D:6      | Found an opulent altar of Gozag.
  5941 | D:6      | Found a burning altar of Makhleb.
  6228 | D:7      | Reached skill level 5 in Earth Magic
  6268 | D:7      | Reached skill level 11 in Ice Magic
  6926 | D:8      | Reached XP level 10. HP: 66/81 MP: 17/17
  7106 | D:8      | Found a flagged portal.
  7117 | Bailey   | Entered a bailey
  7168 | Bailey   | Reached ** piety under Vehumet
  7222 | Bailey   | Offered knowledge of Searing Ray by Vehumet.
  7304 | Bailey   | Noticed an orc knight
  7316 | Bailey   | Killed an orc knight
  7420 | Bailey   | Offered knowledge of Dazzling Flash by Vehumet.
  7431 | Bailey   | Noticed an orc warlord
  7448 | Bailey   | HP: 2/81 [orc warlord/+7 battleaxe (18)]
  7450 | Bailey   | Killed an orc warlord
  7451 | Bailey   | Reached skill level 12 in Ice Magic
  7636 | Bailey   | Identified the +6 quarterstaff of Xuhoteme {drain, rF+
                  | Will+ Dex+4}
  8726 | D:8      | Reached *** piety under Vehumet
  8931 | D:9      | Reached XP level 11. HP: 85/86 MP: 16/18
  9070 | D:9      | Offered knowledge of Stone Arrow by Vehumet.
  9076 | D:9      | Learned a level 3 spell: Stone Arrow
  9097 | D:9      | Reached skill level 10 in Earth Magic
  9101 | D:9      | Reached skill level 13 in Ice Magic
  9102 | D:9      | Reached skill level 1 in Conjurations
  9275 | D:9      | Found a basalt altar of Yredelemnul.
  9276 | D:9      | Reached XP level 12. HP: 94/94 MP: 19/19
  9611 | D:9      | Found an ornate altar of the Wu Jian Council.
  9613 | D:9      | Found a shimmering blue altar of Sif Muna.
  9613 | D:9      | Found a shadowy altar of Dithmenos.
  9724 | D:10     | Entered Level 10 of the Dungeon
  9948 | D:10     | Reached **** piety under Vehumet
 10002 | D:10     | Found a staircase to the Lair.
 10012 | D:10     | Offered knowledge of Hailstorm by Vehumet.
 10017 | D:10     | Learned a level 3 spell: Hailstorm
 10019 | D:10     | Noticed a boulder beetle
 10052 | D:10     | Killed a boulder beetle
 10159 | D:10     | Found a staircase to the Orcish Mines.
 10622 | D:11     | Noticed a boulder beetle
 10630 | D:11     | Killed a boulder beetle
 10832 | D:11     | Noticed a two-headed ogre
 10851 | D:10     | Killed a two-headed ogre
 10964 | D:11     | Identified the +12 spear "Birch" {pain, *Rage Will++ Dex+4}
 11045 | D:11     | You fall into a shaft and drop 1 floor!
 11265 | D:11     | Found Pob Hegg's Gadget Gallery.
 11801 | Lair:1   | Entered Level 1 of the Lair of Beasts
 12012 | Lair:1   | Reached skill level 10 in Fighting
 12906 | Lair:2   | Found a runed translucent gate.
 12906 | Lair:2   | Found a runed translucent gate.
 12906 | Lair:2   | Found a runed translucent gate.
 12909 | Lair:2   | Found a viscous altar of Jiyva.
 12909 | Lair:2   | Noticed BitJockey's ghost (journeyman HOFi)
 12933 | Lair:2   | Reached ***** piety under Vehumet
 12933 | Lair:2   | Offered knowledge of Sticky Flame by Vehumet.
 13304 | Lair:2   | Noticed an eight-headed hydra
 13331 | Lair:2   | Reached XP level 13. HP: 98/113 MP: 15/20
 13375 | Lair:2   | Reached skill level 10 in Conjurations
 14487 | Lair:2   | Noticed Erica
 14502 | Lair:2   | Killed Erica
 14827 | Lair:3   | Found a staircase to the Swamp.
 14855 | Lair:3   | Reached skill level 14 in Ice Magic
 14889 | Lair:3   | Found a staircase to the Snake Pit.
 15319 | Lair:3   | Noticed Amaemon
 15865 | Lair:3   | Killed Amaemon
 16204 | Lair:4   | Identified 2 scrolls of acquirement
 16410 | D:6      | Bought a pair of glowing gloves for 172 gold pieces
 16865 | Lair:4   | Reached skill level 15 in Ice Magic
 17504 | Lair:4   | Acquired 753 gold pieces
 17506 | Lair:4   | Acquired 477 gold pieces
 17763 | Lair:5   | Entered Level 5 of the Lair of Beasts
 17770 | Lair:5   | Noticed Rupert
 18838 | Lair:5   | Found a staircase to the Slime Pits.
 18840 | Lair:5   | Found a viscous altar of Jiyva.
 18845 | Lair:5   | Acquired the ring of the Mantidfly {rPois rC+ rN+++ Dex-2
                  | Stlth+}
 19049 | Lair:5   | Reached XP level 14. HP: 114/121 MP: 24/24
 19737 | Lair:5   | Paralysed by Rupert for 3 turns
 19750 | Lair:5   | Killed Rupert
 20528 | Lair:5   | Reached skill level 1 in Transmutations
 20729 | Lair:5   | Reached skill level 5 in Evocations
 20970 | Lair:5   | Learned a level 5 spell: Yara's Violent Unravelling
 21426 | Lair:5   | Offered knowledge of Freezing Cloud by Vehumet.
 21433 | Lair:5   | Learned a level 5 spell: Freezing Cloud
 21645 | Lair:5   | Found a corrupted altar of Lugonu.
 21645 | Lair:5   | Found a one-way gate to the infinite horrors of the Abyss.
 22389 | D:12     | Reached skill level 5 in Transmutations
 23021 | D:13     | Reached skill level 1 in Hexes
 23243 | D:13     | Identified the ring of Xiky {Fly rF+}
 23810 | D:14     | Reached skill level 5 in Hexes
 24285 | D:14     | Found a gate to the Vaults.
 24404 | D:15     | Entered Level 15 of the Dungeon
 24542 | D:15     | Reached XP level 15. HP: 126/126 MP: 19/26
 24790 | D:15     | Identified the +10 great sword of the Lame Duck {flame, Fly
                  | rC- rN+ rCorr}
 25584 | D:15     | Offered knowledge of Ozocubu's Refrigeration by Vehumet.
 25593 | D:15     | Learned a level 7 spell: Ozocubu's Refrigeration
 25595 | D:15     | Found a staircase to the Depths.
 25906 | Orc:1    | Entered Level 1 of the Orcish Mines
 26441 | Orc:2    | Entered Level 2 of the Orcish Mines
 26839 | Orc:2    | Reached skill level 10 in Dodging
 26969 | Orc:2    | Found Imedghos's Jewellery Emporium.
 26969 | Orc:2    | Found Rosufrilla's Book Boutique.
 27077 | Orc:2    | Offered knowledge of Iron Shot by Vehumet.
 27194 | Orc:2    | Found Giruunom's Antique Weapon Emporium.
 27194 | Orc:2    | Found Cuynia's General Store.
 27507 | Orc:2    | Found a staircase to the Elven Halls.
 27780 | Snake:1  | Entered Level 1 of the Snake Pit
 28543 | Snake:1  | Learned a level 6 spell: Iron Shot
 28771 | Snake:1  | Noticed Aizul
 28785 | Snake:1  | Killed Aizul
 29097 | Snake:1  | Reached skill level 10 in Spellcasting
 30359 | Snake:2  | Reached skill level 16 in Ice Magic
 30369 | Snake:2  | Killed from afar by a shock serpent

Illustrated notes

Levels and vault maps discovered:
D:1:      psy_arrival_dodecagon, layout_rooms, hangedman_decor_points,
          minmay_stone_trees_small, minmay_close_crescents
D:2:      minmay_inner_zag, layout_basic, minmay_circle_x, uniq_sigmund
D:3:      layout_basic, nicolae_uskayaw_suspiria
D:4:      layout_rooms, uniq_ijyb
D:5:      layout_basic, gammafunk_temple_overflow_forgotten,
          minmay_temple_entry_ruins, portal_sewer_entry_f,
          nicolae_ossuary_entry_ruins, minmay_diced_spiral, uniq_edmund,
          uniq_duvessa, uniq_crazy_yiuf_cottage
D:6:      layout_loops_ring, kennysheep_mini, lightli_temple_of_fire,
          serial_shops, nicolae_stop_n_shop_2, minmay_misc_feat_diagonals,
          uniq_maggie, uniq_eustachio
D:7:      layout_basic
D:8:      layout_gridville, enter_bailey_3
D:9:      layout_loops_ring, grunt_temple_overflow_diamond,
          general_overflow_altar
D:10:     layout_long_grid, minmay_lair_entry_grove, david_orc_2
D:11:     layout_basic, minmay_stone_trees_large, grunt_decor_clamped,
          nicolae_shop_gadgets
D:12:     layout_cave_pools
D:13:     minmay_concentric_multi, layout_rooms, kennysheep_generic_room_9
D:14:     layout_rooms, david_vaults_1, hangedman_decor_riveting,
          kennysheep_generic_room_3
D:15:     grunt_enter_depths_snipers, layout_irregular_city,
          minmay_misc_feat_room, kennysheep_crisscross
Temple:   hc_temple_tempest_star
Lair:1:   dreamdust_cave_troll, layout_gridlike
Lair:2:   layout_small_grid, gammafunk_ghost_ooze, serial_bayou_pond_b,
          chequers_serial_rivers_room_b, uniq_erica
Lair:3:   layout_cave_pods, swamp_mist, minmay_snake_entry_guardpost_small,
          infiniplex_staircase_pool, uniq_amaemon
Lair:4:   layout_cave_pods
Lair:5:   hellmonk_lair_end_abyssal_woods, layout_long_grid, slime_entry_1,
          serial_bayou, serial_bayou_lagoon_a, serial_bayou_pond_d,
          serial_bayou_crossing, serial_bayou_pond_d, serial_bayou_pond_a,
          uniq_rupert
Snake:1:  layout_misc_corridors, nicolae_snake_gridmaze_big_u, uniq_aizul
Snake:2:  cheibrodos_forgotten_conduit, layout_chambers, nicolae_snake_shapes,
          uniq_vashnia, uniq_azrael
Orc:1:    layout_diamond_mine, abandoned_shop, hellmonk_bongcloud_opening
Orc:2:    st_orc_town, layout_caves

Skill      XL: |  1  2  3  4  5  6  7  8  9 10 11 12 13 14 15 |
---------------+----------------------------------------------+-----
Spellcasting   | 4 5 7 10 | 10.2
Ice Magic      | 5 6 9 11 12 13 15 16 | 16.0
Fighting       | 4 5 10 | 10.0
Dodging        | 4 5 7 8 10 | 10.0
Earth Magic    | 5 9 10 | 10.4
Conjurations   | 7 9 10 | 10.0
Evocations     | 4 7 |  7.4
Transmutations | 6 |  6.0
Hexes          | 5 |  5.0
Stealth        | |  1.7

Action                   |  1- 3 |  4- 6 |  7- 9 | 10-12 | 13-15 || total
-------------------------+-------+-------+-------+-------+-------++-------
Melee: Unarmed           |    24 |       |       |       |       ||    24
       Tailslap          |     7 |       |     1 |    39 |    78 ||   125
       Punch             |     1 |       |       |       |       ||     1
       Dagger            |    10 |       |       |       |       ||    10
       Flail             |       |       |     2 |    18 |       ||    20
       Sling             |       |       |     1 |       |       ||     1
       Quarterstaff      |       |       |       |   191 |   485 ||   676
 Fire: Sling             |    44 |    73 |   438 |    62 |       ||   617
Throw: Javelin           |       |       |       |     3 |       ||     3
       Dart              |       |       |       |       |     3 ||     3
 Cast: Freeze            |    33 |    25 |    87 |    79 |   204 ||   428
       Frozen Ramparts   |     2 |     7 |    25 |    50 |    49 ||   133
       Ozocubu's Armour  |     1 |     3 |    15 |    36 |    71 ||   126
       Stone Arrow       |       |       |       |    28 |   272 ||   300
       Hailstorm         |       |       |       |     8 |    34 ||    42
       Freezing Cloud    |       |       |       |       |    98 ||    98
       Yara's Violent Un |       |       |       |       |     6 ||     6
       Ozocubu's Refrige |       |       |       |       |    32 ||    32
       Iron Shot         |       |       |       |       |    12 ||    12
Evoke: Wand              |       |       |       |     2 |       ||     2
  Use: Potion            |     2 |       |     1 |     3 |       ||     6
       Scroll            |       |     4 |     9 |     2 |    15 ||    30
 Stab: Sleeping          |       |       |       |     3 |     3 ||     6
       Distracted        |       |       |       |       |     1 ||     1
Armor: Skin              |    39 |    14 |   202 |   191 |   488 ||   934
Dodge: Dodged            |    58 |    31 |   304 |   288 |   734 ||  1415

Table legend: (Time is in decaauts)
 A = Elapsed time spent in this place.
 B = Non-inter-level travel time spent in this place.
 C = Inter-level travel time spent in this place.
 D = Time resting spent in this place.
 E = Time spent auto-exploring this place.
 F = Levels seen in this place.
 G = Mean time per level.
                   A        B        C        D        E       F      G
               +--------+--------+--------+--------+--------+-----+--------+
         Total |  30860 |  29107 |   1753 |   7096 |  16156 |  28 | 1102.1 |
       Dungeon |  14760 |  13894 |    866 |   1964 |   9150 |  15 |  984.0 |
        Temple |    199 |    199 |      0 |    100 |     71 |   1 |  199.0 |
          Lair |  10058 |   9256 |    802 |   2997 |   4530 |   5 | 2011.6 |
     Snake Pit |   2595 |   2569 |     26 |   1316 |   1040 |   2 | 1297.5 |
  Orcish Mines |   1807 |   1750 |     57 |    360 |    820 |   2 |  903.5 |
         Sewer |    336 |    336 |      0 |      0 |    183 |   1 |  336.0 |
       Ossuary |    525 |    525 |      0 |    237 |     82 |   1 |  525.0 |
        Bailey |    577 |    577 |      0 |    121 |    280 |   1 |  577.0 |
               +--------+--------+--------+--------+--------+-----+--------+

Top non-repeatable levels by time:
  Lair:5: 3461 daAuts
  Lair:4: 2055 daAuts
 Snake:1: 1927 daAuts
  Lair:2: 1569 daAuts
  Lair:1: 1496 daAuts
  Lair:3: 1474 daAuts
     D:5: 1410 daAuts
    D:15: 1409 daAuts
     D:8: 1376 daAuts
   Orc:2: 1091 daAuts
     D:6: 1051 daAuts
    D:10: 1048 daAuts
    D:11: 1039 daAuts
    D:13: 945 daAuts
     D:9: 924 daAuts
